 Dungeon Crawl Stone Soup version 0.29-a0-925-g0a7a3d12f8 (webtiles) character file.

Game seed: 14322816145177764565

102 tatocazan the Sneak (level 4, -2/30 HPs)
             Began as an Octopode Brigand on July 30, 2022.
             Slain by Grinder (6 damage)
             ... while paralysed by Grinder
             ... on level 3 of the Dungeon.
             The game lasted 00:02:09 (2159 turns).

tatocazan the Sneak (Octopode Brigand)              Turns: 2159, Time: 00:02:09

Health: -2/30      AC:  1    Str: 10    XL:     4   Next: 78%
Magic:  4/4        EV:  2    Int: 13    God:
Gold:   106        SH:  0    Dex: 15    Spells: 3/3 levels left

rFire   . . .      SeeInvis .   a - +2 dagger
rCold   . . .      Faith    .   (no shield)
rNeg    . . .      Spirit   .   (helmet restricted)
rPois   +          Reflect  .   (no amulet)
rElec   .          Harm     .   f - ring of poison resistance
rCorr   .          Rampage  .   (no ring)
Will    .....                   (no ring)
Stlth   ++++......              (no ring)
HPRegen 0.10/turn               (no ring)
MPRegen 0.09/turn               (no ring)
                                (no ring)
                                (no ring)

@: paralysed
A: almost no armour, amphibious, 8 rings, camouflage 1, gelatinous body 1,
(nimble swimmer 1), tentacles
a: no special abilities


You were on level 3 of the Dungeon.
You visited 1 branch of the dungeon, and saw 3 of its levels.

You collected 106 gold pieces.

Inventory:

Hand Weapons
 a - a +2 dagger (weapon)
Missiles
 b - 14 poisoned darts (quivered)
 c - 3 curare-tipped darts
Jewellery
 f - a ring of poison resistance (left tentacle)
Scrolls
 e - a scroll of magic mapping {unknown}
 h - a scroll of vulnerability {unknown}
 i - 2 scrolls of identify {unknown}
 k - a scroll of blinking {unknown}
 l - a scroll of amnesia {unknown}
Potions
 d - a potion of cancellation {unknown}
 g - a potion of attraction {unknown}
 j - a potion of curing {unknown}
 m - a potion of magic {unknown}
 n - a potion of might {unknown}
 o - a potion of mutation {unknown}


   Skills:
 + Level 2.9 Fighting
 * Level 3.7 Short Blades
 - Level 2.0 Throwing
 - Level 1.0 Dodging
 + Level 6.1 Stealth


You had 3 spell levels left.
You didn't know any spells.
Your spell library was empty.

Dungeon Overview and Level Annotations

Branches:
Dungeon (3/15)

Altars:

Annotations:
D:3 Grinder


Innate Abilities, Weirdness & Mutations

You cannot wear most types of armour.
You are amphibious.
You can wear up to eight rings at the same time.
Your skin changes colour to match your surroundings (Stealth+).
Your rubbery body absorbs attacks. (AC +1, EV +1)
((You are camouflaged when in or above water. (Stealth+)))
You have tentacles for arms and can constrict up to eight enemies at once.


Message History

No target in view!
No target in view!
No target in view!
No target in view!
No target in view!
Key pressed, stopping explore.
You see here 9 stones.
o - a fizzy purple potion Health restored: 30
i - 2 scrolls labelled MUTIEQ BASSO (gained 1) Key pressed, stopping explore.
You see here a +0 robe.
b - 14 poisoned darts (gained 5)
You now have 106 gold pieces (gained 14).
Key pressed, stopping explore.
Grinder comes into view.
The helpless Grinder fails to defend herself.
You impale Grinder!! You grab Grinder.
Grinder is almost dead.
You constrict Grinder, but do no damage.
Grinder blinks free!
Grinder gestures at you. Pain shoots through your body!
You take 12 damage, and have 18/30 hp.
MASSIVE DAMAGE!!
You are too injured to fight recklessly!
You are too injured to fight recklessly!
You are too injured to fight recklessly!
You are too injured to fight recklessly!
You hit Grinder. You grab Grinder.
Grinder is almost dead.
You constrict Grinder. Grinder gestures at you.
You suddenly lose the ability to move!
You lose your grip on Grinder.
Grinder hits you!
* * * LOW HITPOINT WARNING * * *
You writhe in agony.
* * * LOW HITPOINT WARNING * * *
Grinder hits you but does no damage. Grinder hits you.
You die...

#. .# #.# .# #.# .#
## #.# .# .# #.# .#
.# #.# .# .#
####.####.# .#####.#
#.....5@..#
.†.....##.###.######
.#######.# ##.# .#
#.# #.# .# #.## ##.#
.# #..###.## .#
##.#...## ##
###...#.##
#####.......#


You could see Grinder.

Vanquished Creatures
  5 adders
  A dart slug (D:2)
  7 ball pythons
  6 bats
  2 endoplasms (D:1)
  2 giant cockroaches (D:2)
  4 goblins
  7 hobgoblins
  6 jackals
  7 kobolds
  2 quokkas (D:1)
  2 frilled lizards
  2 rats (D:1)
53 creatures vanquished.

Notes
Turn   | Place    | Note
-------+----------+-------------------------------------------
     0 | D:1      | tatocazan the Octopode Brigand began the quest for the Orb.
     0 | D:1      | Reached XP level 1. HP: 14/14 MP: 1/1
   166 | D:1      | Reached XP level 2. HP: 15/19 MP: 2/2
   792 | D:1      | Reached XP level 3. HP: 25/25 MP: 3/3
  1326 | D:2      | Reached XP level 4. HP: 28/30 MP: 4/4
  1441 | D:2      | Reached skill level 6 in Stealth
  2149 | D:3      | Noticed Grinder
  2156 | D:3      | Paralysed by Grinder for 3 turns
  2159 | D:3      | Slain by Grinder

Illustrated notes

Levels and vault maps discovered:
D:1:      dpeg_arrival_boxorama, layout_loops_corners, roderic_malta_cross,
          minmay_misc_feat_rugged, hangedman_feature_mirror,
          chequers_mini_garden
D:2:      layout_rooms, minmay_door_square
D:3:      layout_loops_ring, ebering_ecumenical_altar_rust, uniq_grinder

Skill      XL: |  1  2  3  4 |
---------------+-------------+-----
Short Blades   | 3 |  3.7
Stealth        | 6 |  6.1
Fighting       | |  2.9
Throwing       | |  2.0
Dodging        | |  1.0

Action                   |  1- 3 |  4- 6 || total
-------------------------+-------+-------++-------
Melee: Dagger            |    59 |    43 ||   102
       Tentacles         |    10 |     9 ||    19
       Constrict         |    10 |    11 ||    21
 Stab: Sleeping          |    17 |     2 ||    19
Armor: Skin              |     4 |     1 ||     5
Dodge: Dodged            |    22 |    24 ||    46

Table legend: (Time is in decaauts)
 A = Elapsed time spent in this place.
 B = Non-inter-level travel time spent in this place.
 C = Inter-level travel time spent in this place.
 D = Time resting spent in this place.
 E = Time spent auto-exploring this place.
 F = Levels seen in this place.
 G = Mean time per level.
                   A        B        C        D        E       F      G
               +--------+--------+--------+--------+--------+-----+--------+
         Total |   2142 |   2113 |     29 |    115 |   1700 |   3 |  714.0 |
       Dungeon |   2142 |   2113 |     29 |    115 |   1700 |   3 |  714.0 |
               +--------+--------+--------+--------+--------+-----+--------+

Top non-repeatable levels by time:
     D:1: 1237 daAuts
     D:2: 706 daAuts
     D:3: 198 daAuts
